 Dungeon Crawl Stone Soup version 0.32-a0-18-g89e19f1974 (webtiles) character file.

Game seed: 5113135704324506841

11606 p00ps00p the Blocker (level 11, -1/103 HPs)
             Began as a Hill Orc Fighter on Jan 17, 2024.
             Was an Initiate of Gozag.
             Slain by a fire elemental (7 damage)
             ... led by Azrael
             ... on level 14 of the Dungeon.
             The game lasted 00:18:53 (11573 turns).

p00ps00p the Blocker (Hill Orc Fighter)            Turns: 11573, Time: 00:18:54

Health: -1/103     AC: 21    Str: 24    XL:     11   Next: 80%
Magic:  11/11      EV: 13    Int:  8    God:    Gozag
Gold:   565        SH: 19    Dex: 10    Spells: 10/10 levels left

rFire   . . .        a - +3 war axe (vamp)
rCold   + + .        G - +7 kite shield of the Poles {rC++}
rNeg    . . .        B - +3 chain mail {rPois}
rPois   +            p - +0 helmet
rElec   .            j - scarf of Good Intentions {repulsion, Harm *Corrode Will++ Stlth+}
rCorr   .            l - +0 pair of gloves
SInv    .            w - +2 pair of boots {Fly}
Will    +++..        (no amulet) Stlth
                     i - ring of willpower
HPRegen 0.37/turn    q - +5 ring of evasion
MPRegen 0.12/turn

%: corrode self (3%), harm (+30% outgoing, +20% incoming), repel missiles
@: about to teleport, flying
A: no striking features
a: Renounce Religion, Potion Petition, Call Merchant, Bribe Branch


You were on level 14 of the Dungeon.
You worshipped Gozag.
Gozag was pleased with you.
You visited 2 branches of the dungeon, and saw 14 of its levels.
You also visited: Sewer.

You collected 3165 gold pieces.
You spent 1745 gold pieces at shops.
You paid 855 gold pieces to Gozag.

Inventory:

Hand Weapons
 a - a +3 vampiric war axe (weapon)
 o - a +3 hand axe
Missiles
 k - 20 poisoned darts (quivered)
Armour
 j - the scarf of Good Intentions (worn) {repulsion, Harm *Corrode Will++ Stlth+}
   (You acquired it on level 1 of the Dungeon)

   Will++:    It greatly increases your willpower.
   *Corrode:  It may corrode you when you take damage.
   Harm:      It increases damage dealt and taken.
   Stlth+:    It makes you more stealthy.
 l - a +0 pair of gloves (worn)
 p - a +0 helmet (worn)
 w - a +2 pair of boots of flying (worn)
 B - a +3 chain mail of poison resistance (worn)
 G - the +7 kite shield of the Poles (worn) {rC++}
   (You bought it in a shop on level 7 of the Dungeon)

   rC++:      It greatly protects you from cold.
Jewellery
 i - a ring of willpower (left hand)
 q - a +5 ring of evasion (right hand)
 D - a ring of willpower
Wands
 u - a wand of iceblast (4)
 A - a wand of flame (39)
 E - a wand of charming (12)
Scrolls
 c - a scroll of identify
 f - 4 scrolls of teleportation
 h - a scroll of silence
 r - 2 scrolls of poison
 y - a scroll of fear
 z - a scroll of fog
Potions
 b - 3 potions of mutation {unknown}
 d - 2 potions of might
 e - 6 potions of haste
 g - 2 potions of berserk rage
 m - 3 potions of attraction {unknown}
 n - 3 potions of brilliance
 s - 4 potions of curing {unknown}
 t - a potion of heal wounds {unknown}
 v - a potion of magic {unknown}
 x - 3 potions of cancellation {unknown}
 C - a potion of degeneration {unknown}
 F - 2 potions of enlightenment {unknown}


   Skills:
 + Level 11.6 Fighting
 + Level 12.3 Axes
 + Level 10.7 Armour
 + Level 14.0 Shields


You had 10 spell levels left.
You didn't know any spells.
Your spell library contained the following spells:

 Spells                   Type           Power      Damage    Failure   Level
 Cigotuvi's Dreadful Rot  Necr/Alch/Air  0%         N/A       99%         2
 Ensorcelled Hibernation  Hex/Ice        0%         N/A       99%         2
 Mercury Vapours          Alch/Air       0%         N/A       99%         2
 Sublimation of Blood     Necr           0%         N/A       99%         2
 Fugue of the Fallen      Necr           0%         N/A       100%        3
 Mephitic Cloud           Conj/Alch/Air  0%         N/A       100%        3
 Anguish                  Hex/Necr       0%         N/A       100%        4
 Cause Fear               Hex            0%         N/A       100%        4
 Leda's Liquefaction      Alch/Erth      0%         N/A       100%        4
 Manifold Assault         Tloc           0%         N/A       100%        4
 Passage of Golubria      Tloc           0%         N/A       100%        4
 Freezing Cloud           Conj/Ice/Air   0%         6-21      100%        5
 Lee's Rapid Deconstruct  Erth           0%         3d4*      100%        5
 Silence                  Hex/Air        0%         N/A       100%        5
 Bombard                  Conj/Erth      0%         9d1       100%        6
 Dispersal                Tloc           0%         N/A       100%        6
 Enfeeble                 Hex            0%         N/A       100%        7
 Ozocubu's Refrigeration  Ice            0%         4d7       100%        7
 Disjunction              Tloc           0%         N/A       100%        8
 Lehudib's Crystal Spear  Conj/Erth      0%         10d2      100%        8
 Polar Vortex             Ice            0%         N/A       100%        9


Dungeon Overview and Level Annotations

Branches:
Dungeon (14/15)            Temple (1/1) D:6            Lair (0/5) D:11
    Orc (0/2) D:10          Sewer (visited)
 Vaults: D:13-14

Altars:
Ashenzari
Cheibriados
Dithmenos
Elyvilon
Fedhas
Gozag
Hepliaklqana
Kikubaaqudgha
Makhleb
Nemelex Xobeh
Okawaru
Qazlal
Ru
Sif Muna
Trog
Uskayaw
Vehumet
Wu Jian
Xom
Yredelemnul
Zin
The Shining One

Shops:
D:5 [[[   D:7 [   D:9 =   D:11 *

Annotations:
D:14 Azrael


Message History

The fire elemental is distracted by your dazzling golden aura.
The hell hound breathes flames at you.
The blast of flame hits the fire elemental.
The fire elemental completely resists.
The blast of flame hits the fire elemental.
The fire elemental completely resists.
The blast of flame hits you!
* * * LOW HITPOINT WARNING * * *
You block the fire elemental's attack.
A battlesphere comes into view.
Unknown command.
As you read the scroll of teleportation, it crumbles to dust.
You feel strangely unstable. The hell hound barely misses you.
The fire elemental closely misses you.
The deep elf pyromancer gestures at you while chanting.
The bolt of fire hits the fire elemental.
The fire elemental completely resists.
The bolt of fire hits the fire elemental.
The fire elemental completely resists.
The bolt of fire hits you!!
* * * LOW HITPOINT WARNING * * *
Read: 2 scrolls of fear
Press: ? - help, Q - select action, (/) - cycle Dir - look around, f - activate Look: Azrael, wielding a +1 scimitar of flaming (chance to affect: 90%)
As you read the scroll of fear, it crumbles to dust.
You assume a fearsome visage.
Azrael looks frightened!
The fire elemental is unaffected. x2
The battlesphere is unaffected.
The fire elemental is unaffected.
The hell hound looks frightened! x2
The fire elemental is unaffected.
The hell hound looks frightened!
The tengu warrior looks frightened!
The tengu conjurer looks frightened!
The deep elf pyromancer looks frightened!
You block the fire elemental's attack.
The deep elf pyromancer gestures wildly while chanting.
The deep elf pyromancer blinks!
A laughing skull comes into view.
The laughing skull gives a hideous shriek!
The fire elemental is no longer distracted by gold.
The fire elemental hits you. The fire elemental burns you!
You die...
Your body crumbles into a pile of gold.

##...........* *,,*
.))..........* *,,*
##.##########* *,,, ...####
******,** ####### **,,,,,,,,
########################,,~~~~~~~
.....................?z§,~~~~~~~~
#############........#***~~******
.###### #.$.@....# *~~*,,,,, .###
#R☼EEE...# *~~*,,,,, ...#####
#.○○E°...# *~~*+**** .......##
#.○°°○...# *~~~,~~~~ ##......###
#.°°..°.Q# *~~*+*,** ..........#
#h.°..°.*# *~~*,,,,,
#########.#*#..h..°.h# *~~~*~**+
#*,,...#*,.##...§....# *~~~~~~~,
#*,*##.###,##....Q...# *~~~*,,,,


You could see Azrael (fleeing), 4 fire elementals, a tengu conjurer (fleeing), 3
hell hounds, a laughing skull and a battlesphere (distracted).

Vanquished Creatures
  A boulder beetle (D:11)
  2 two-headed ogres (D:10)
  A manticore (D:11)
  Joseph (D:10)
  3 trolls
  A hornet (D:8)
  A shadow (D:10)
  Sigmund (D:4)
  A vampire (D:9)
  12 yaks
  A fire elemental (D:14)
  2 wraiths (D:10)
  Edmund (D:4)
  3 acid dragons
  A water moccasin (D:7)
  A black bear (D:6)
  An ice beast (D:5)
  An orc warrior (D:8)
  2 sky beasts
  2 ogres
  12 centaurs
  2 phantoms
  2 kobold brigands
  Blork the orc (D:6)
  7 bullfrogs
  2 gnoll sergeants
  2 scorpions
  7 wights (D:7)
  10 killer bees
  A bombardier beetle (D:3)
  4 howler monkeys
  3 hounds
  2 orc priests
  2 jellies
  2 sleepcaps
  An iguana (D:6)
  7 orc wizards
  Natasha (thrice) (D:4)
  A hell rat (Sewer)
  6 ogre zombies (D:10)
  9 gnolls
  8 adders
  4 river rats (Sewer)
  A shadow imp (D:6)
  2 white imps (D:6)
  3 dart slugs
  2 ribbon worms
  22 orcs
  8 bats
  9 endoplasms
  3 giant cockroaches
  3 gnoll zombies (D:10)
  7 goblins
  6 hobgoblins
  4 jackals (D:1)
  2 quokkas
  7 ball pythons
  A frilled lizard (D:2)
  3 gnoll skeletons (D:10)
  11 kobolds
  An orc skeleton (D:10)
  12 orc zombies (D:10)
  14 rats
258 creatures vanquished.

Vanquished Creatures (others)
  A centaur warrior (D:14)
1 creature vanquished.

Grand Total: 259 creatures vanquished

Notes
Turn   | Place    | Note
-------+----------+-------------------------------------------
     0 | D:1      | p00ps00p the Hill Orc Fighter began the quest for the Orb.
     0 | D:1      | Reached XP level 1. HP: 19/19 MP: 1/1
   158 | D:1      | Reached XP level 2. HP: 27/27 MP: 2/2
   267 | D:1      | Identified 3 scrolls of acquirement
   267 | D:1      | Acquired the scarf of Good Intentions {repulsion, Harm
                  | *Corrode Will++ Stlth+}
   270 | D:1      | Acquired a manual of Shields
   281 | D:1      | Acquired 1119 gold pieces
   416 | D:1      | Reached XP level 3. HP: 32/33 MP: 3/3
  1140 | D:2      | Reached skill level 4 in Shields
  1466 | D:2      | Reached XP level 4. HP: 39/40 MP: 4/4
  1934 | D:3      | Found a radiant altar of Vehumet.
  2112 | D:3      | Found a faded altar of an unknown god.
  2312 | D:3      | Reached XP level 5. HP: 20/47 MP: 5/5
  2850 | D:4      | Noticed an ogre
  2856 | D:4      | Killed an ogre
  2857 | D:4      | Reached skill level 5 in Fighting
  2857 | D:4      | Reached skill level 5 in Shields
  2857 | D:4      | Reached XP level 6. HP: 56/56 MP: 6/6
  2869 | D:4      | Noticed Edmund
  2915 | D:4      | Killed Edmund
  2916 | D:4      | Reached skill level 5 in Axes
  3063 | D:4      | Reached skill level 5 in Armour
  3063 | D:4      | Reached skill level 6 in Shields
  3063 | D:4      | Reached XP level 7. HP: 56/61 MP: 7/7
  3196 | D:4      | Noticed Sigmund
  3213 | D:4      | Killed Sigmund
  3384 | D:4      | Identified the +1 leather armour "Giopuac" {rPois SInv}
  3434 | D:4      | Noticed Natasha
  3436 | D:4      | Killed Natasha
  3471 | D:4      | Noticed Natasha
  3478 | D:4      | Killed Natasha
  3602 | D:4      | Noticed Natasha
  3609 | D:4      | Killed Natasha
  3610 | D:4      | Reached skill level 7 in Shields
  3953 | D:5      | Entered Level 5 of the Dungeon
  3962 | D:5      | Found Fyelynon's Armour Boutique.
  4173 | D:5      | Reached XP level 8. HP: 70/70 MP: 8/8
  4801 | D:5      | Got the Secrets of Chilled Mortification
  4863 | D:5      | Found Bycefoun's Armour Shop.
  5119 | D:6      | Found a staircase to the Ecumenical Temple.
  5128 | Temple   | Entered the Ecumenical Temple
  5138 | Temple   | Became a worshipper of Gozag Ym Sagoz the Greedy
  5196 | D:6      | Reached skill level 8 in Shields
  5230 | D:6      | Found a glowing drain.
  5237 | Sewer    | Entered a sewer
  5415 | D:6      | Noticed Blork the orc
  5429 | D:6      | Killed Blork the orc
  5599 | D:6      | Reached skill level 9 in Shields
  5663 | D:6      | Reached XP level 9. HP: 79/79 MP: 9/9
  5726 | D:6      | Found a bloodstained altar of Trog.
  6457 | D:7      | Reached skill level 10 in Shields
  6459 | D:7      | Found a burning altar of Makhleb.
  6596 | D:5      | Bought a +3 chain mail of poison resistance for 305 gold
                  | pieces
  6717 | D:7      | Reached skill level 11 in Shields
  6717 | D:7      | Reached XP level 10. HP: 36/91 MP: 10/10
  6982 | D:7      | Found Ururueps's Armour Boutique.
  6992 | D:7      | Bought a +0 helmet for 72 gold pieces
  6992 | D:7      | Bought a +2 pair of boots of flying for 344 gold pieces
  7266 | D:8      | Found a blossoming altar of Fedhas.
  7460 | D:8      | Reached skill level 10 in Axes
  7573 | D:8      | Paralysed by a hornet for 2 turns
  7949 | D:8      | Reached skill level 12 in Shields
  8262 | D:9      | Reached skill level 10 in Fighting
  8423 | D:9      | Found Ybeacub's One-of-a-Kind Rings.
  8626 | D:9      | Noticed a kobold demonologist
  8627 | D:9      | Noticed an orange demon
  8628 | D:9      | Noticed a kobold demonologist
  8629 | D:9      | Noticed a kobold demonologist
  8633 | D:9      | Noticed a smoke demon
  9127 | D:9      | Noticed a sun demon
  9132 | D:9      | Noticed a smoke demon
  9133 | D:9      | Noticed a sixfirhy
  9698 | D:10     | Entered Level 10 of the Dungeon
  9784 | D:10     | Reached XP level 11. HP: 89/101 MP: 11/11
  9793 | D:10     | Reached skill level 13 in Shields
  9813 | D:10     | Found a staircase to the Orcish Mines.
 10010 | D:10     | Noticed a two-headed ogre
 10018 | D:10     | Killed a two-headed ogre
 10019 | D:10     | Reached skill level 10 in Armour
 10111 | D:10     | Noticed Joseph
 10126 | D:10     | Killed Joseph
 10201 | D:10     | Noticed a two-headed ogre
 10209 | D:10     | Killed a two-headed ogre
 10611 | D:7      | Bought the +7 kite shield of the Poles {rC++} for 1024 gold
                  | pieces
 11062 | D:11     | Noticed a manticore
 11068 | D:11     | Killed a manticore
 11105 | D:11     | Found Ugoiczopt's General Store.
 11234 | D:11     | Found a staircase to the Lair.
 11294 | D:11     | Noticed a boulder beetle
 11309 | D:11     | Killed a boulder beetle
 11381 | D:11     | You are sucked into a shaft and drop 3 floors!
 11385 | D:14     | Noticed a centaur warrior
 11399 | D:14     | Killed a centaur warrior
 11481 | D:13     | Noticed a brown ugly thing
 11481 | D:13     | Noticed a cyclops
 11481 | D:13     | Noticed an eight-headed hydra
 11560 | D:14     | Reached skill level 14 in Shields
 11564 | D:14     | Noticed Azrael
 11569 | D:14     | Noticed a deep elf pyromancer
 11570 | D:14     | Noticed a tengu warrior
 11573 | D:14     | Slain by a fire elemental

Illustrated notes

Levels and vault maps discovered:
D:1:      reono_arrival_forest_river, layout_basic, kennysheep_minor_cross,
          hangedman_feature_mirror, minmay_misc_feat_chi, nicolae_titane
D:2:      layout_loops_ring
D:3:      layout_basic, nicolae_vehumet_radiance,
          hellmonk_ecumenical_altar_arch_garden
D:4:      layout_basic, uniq_natasha, uniq_sigmund, uniq_edmund
D:5:      layout_gridville, serial_shops, shop_fountains,
          kennysheep_small_square
D:6:      layout_basic, lightli_temple_of_fire, minmay_temple_entry_junction_2,
          mainiacjoe_sewer_entry_somewhere_in_here_1, uniq_blork_the_orc
D:7:      layout_basic, mainiacjoe_overflow_chevrons, serial_shops, shop
D:8:      layout_basic, mainiacjoe_overflow_concentric_impassable,
          grunt_ministairs_14
D:9:      layout_small_grid, nicolae_shop_unique_rings
D:10:     layout_basic, zombieorc1_lemuel, uniq_joseph
D:11:     layout_long_grid, lair_entry_dummy, serial_shops,
          nicolae_shop_just_a_little_nook
D:13:     layout_big_octagon, david_vaults_4, lemuel_flamethrower_3
D:14:     cheibrodos_lost_city_excavation, layout_basic, drop_trap, uniq_azrael
Temple:   regret_index_temple_chain_breaker

Skill      XL: |  1  2  3  4  5  6  7  8  9 10 11 |
---------------+----------------------------------+-----
Axes           | 3 4 5 6 7 9 11 12 | 12.3
Fighting       | 4 5 6 7 9 10 11 | 11.6
Shields        | 4 5 6 7 9 11 12 14 | 14.0
Armour         | 4 5 6 8 9 10 | 10.7

Action                     |  1- 3 |  4- 6 |  7- 9 | 10-12 || total
---------------------------+-------+-------+-------+-------++-------
  Melee: War axe           |   124 |    71 |   269 |   329 ||   793
  Throw: Dart              |       |     4 |       |       ||     4
 Invoke: Call Merchant     |       |       |     1 |       ||     1
    Use: Scroll            |     5 |     4 |     7 |    11 ||    27
         Potion            |       |     1 |       |       ||     1
   Stab: Distracted        |       |       |     1 |     2 ||     3
 Armour: Scale mail        |    31 |       |       |       ||    31
         Chain mail        |    60 |    54 |   192 |   255 ||   561
  Dodge: Dodged            |    56 |    27 |   149 |   218 ||   450
         Repelled          |     1 |       |     3 |     1 ||     5
  Block: Buckler           |    33 |    12 |    82 |    99 ||   226
         Kite shield       |       |       |       |    98 ||    98

Table legend: (Time is in decaauts)
 A = Elapsed time spent in this place.
 B = Non-inter-level travel time spent in this place.
 C = Inter-level travel time spent in this place.
 D = Time resting spent in this place.
 E = Time spent auto-exploring this place.
 F = Levels seen in this place.
 G = Mean time per level.
                   A        B        C        D        E       F      G
               +--------+--------+--------+--------+--------+-----+--------+
         Total |  11735 |  11096 |    639 |   1273 |   7792 |  15 |  782.3 |
       Dungeon |  11591 |  10962 |    629 |   1273 |   7733 |  13 |  891.6 |
        Temple |     20 |     10 |     10 |      0 |      0 |   1 |   20.0 |
         Sewer |    122 |    122 |      0 |      0 |     58 |   1 |  122.0 |
               +--------+--------+--------+--------+--------+-----+--------+

Top non-repeatable levels by time:
     D:8: 1460 daAuts
     D:9: 1291 daAuts
     D:5: 1236 daAuts
     D:4: 1179 daAuts
     D:1: 1135 daAuts
     D:6: 1102 daAuts
     D:3: 941 daAuts
    D:10: 904 daAuts
     D:7: 882 daAuts
     D:2: 782 daAuts
    D:11: 483 daAuts
    D:14: 188 daAuts
   Sewer: 122 daAuts
  Temple: 20 daAuts
    D:13: 1 daAuts
